 Dungeon Crawl Stone Soup version 0.20.0-15-g7f486f2 (webtiles) character file.

1238 nataq the Skirmisher (level 8, -1/56 HPs)
             Began as a Demonspawn Gladiator on June 12, 2017.
             Slain by Edmund
             ... wielding a +6 flail of draining
              (2 damage)
             ... on level 4 of the Dungeon.
             The game lasted 00:09:41 (5074 turns).

nataq the Skirmisher (Demonspawn Gladiator)         Turns: 5074, Time: 00:09:42

Health: -1/56      AC:  9    Str: 19    XL:     8   Next: 25%
Magic:  0/8        EV: 10    Int: 10    God:
Gold:   227        SH:  0    Dex: 15    Spells: 7/7 levels left

rFire    . . .     SeeInvis .   a - +0 long sword
rCold    . . .     Gourm    .   (no shield)
rNeg     . . .     Faith    .   k - +2 scale mail {rPois}
rPois    +         Spirit   +   c - +0 helmet
rElec    .         Reflect  .   (no cloak)
rCorr    .         Harm     .   (no gloves)
MR       .....                  (no boots)
Stlth    ..........             (no amulet)
Regen    0.2/turn               o - +3 ring of strength
MPRegen  0.2/turn               (no ring)

@: very heavily drained
A: claws 1, talons 1, frail 1, poison resistance, magic shield
a: no special abilities


You were on level 4 of the Dungeon.
You were not hungry.

You visited 1 branch of the dungeon, and saw 5 of its levels.

You collected 227 gold pieces.

Inventory:

Hand Weapons
 a - a +0 long sword (weapon)
Missiles
 d - 3 throwing nets (quivered)
Armour
 b - a +1 leather armour
 c - a +0 helmet (worn)
 e - a +0 chain mail
 k - a +2 scale mail of poison resistance (worn)
Jewellery
 o - a +3 ring of strength (left claw)
Wands
 g - a wand of digging (11/24)
 p - a wand of polymorph (15/24)
Scrolls
 h - a scroll of recharging
 l - 5 scrolls of identify
 n - 2 scrolls of remove curse
Comestibles
 f - 2 bread rations
 j - 3 meat rations
 m - 3 royal jellies


   Skills:
 + Level 5.5(1.5) Fighting
 + Level 5.3(1.4) Long Blades
 - Level 1.7(0.0) Throwing
 + Level 3.6(0.0) Armour
 + Level 5.4(1.4) Dodging


You had 7 spell levels left.
You didn't know any spells.

Dungeon Overview and Level Annotations

Branches:
Dungeon (5/15)
 Temple: D:4-7

Altars:
Fedhas
Gozag
Qazlal
Vehumet
Zin

Annotations:
D:4 Edmund
D:5 Sigmund


Innate Abilities, Weirdness & Mutations

You have sharp fingernails.
You have sharp toenails.
When hurt, damage is shared between your health and your magic reserves.
You are frail. (-10% HP)
Your system is resistant to poisons. (rPois)


Message History

Edmund is moderately wounded.
Edmund closely misses you.
You closely miss Edmund. You claw Edmund, but do no damage.
Edmund is moderately wounded.
Edmund hits you with a flail of draining!
* * * LOW HITPOINT WARNING * * *
You feel drained.
* * * LOW HITPOINT WARNING * * *
You hit Edmund. Your kick misses Edmund.
Edmund is moderately wounded.
Edmund hits you but does no damage.
You feel drained.
You barely miss Edmund. Your kick misses Edmund.
Edmund is moderately wounded.
Edmund hits you but does no damage.
You feel drained.
You hit Edmund. Your kick misses Edmund.
Edmund is moderately wounded.
Edmund hits you with a flail of draining!
* * * LOW HITPOINT WARNING * * *
You feel drained.
You die...

####.......####......
....
#####.............
... ####.....## .. #
####..## # ### ##..#
#### ### ..###
#..#########..###..
....##
#..##.....<........
.....##
#..................
......##
#.@................
.......##
#.@................
........#
#..................
.......##
#..................
......##
##.................
....###
#.................
..### #####
#.................
### ###...#
##................
### ###.....#
#................


You could see Edmund.

Vanquished Creatures
  Grinder (D:4)
  A swamp drake (D:5)
  A phantom (D:5)
  2 sky beasts (D:5)
  An ogre (D:5)
  A scorpion (D:4)
  2 vampire bats (D:5)
  A crimson imp (D:5)
  2 hounds (D:5)
  2 orc wizards (D:5)
  A centaur skeleton (D:5)
  A bullfrog skeleton (D:5)
  2 worker ants
  10 adders
  A howler monkey skeleton (D:5)
  3 oozes
  An adder skeleton (D:5)
  An adder zombie (D:5)
  3 worms (D:3)
  A dart slug (D:1)
  A leopard gecko (D:2)
  15 orcs
  3 ball pythons
  10 bats
  3 giant cockroaches
  6 goblins
  9 hobgoblins
  2 jackals (D:3)
  A quokka (D:4)
  4 frilled lizards
  8 kobolds
  3 rats
103 creatures vanquished.

Notes
Turn   | Place    | Note
-------+----------+-------------------------------------------
     0 | D:1      | nataq the Demonspawn Gladiator began the quest for the Orb.
     0 | D:1      | Reached XP level 1. HP: 16/16 MP: 1/1
   122 | D:1      | Gained mutation: You have sharp toenails. [demonic ancestry]
   122 | D:1      | Reached XP level 2. HP: 19/22 MP: 2/2
   650 | D:1      | Gained mutation: You have sharp fingernails. [demonic ancestry]
   650 | D:1      | Reached XP level 3. HP: 28/28 MP: 3/3
  1224 | D:2      | Found a radiant altar of Vehumet.
  1988 | D:3      | Reached XP level 4. HP: 29/34 MP: 4/4
  2539 | D:3      | Found a blossoming altar of Fedhas.
  2544 | D:3      | Found an opulent altar of Gozag.
  2544 | D:3      | Found a stormy altar of Qazlal.
  2618 | D:3      | Found a glowing silver altar of Zin.
  2729 | D:4      | Reached XP level 5. HP: 38/41 MP: 5/5
  3015 | D:4      | Noticed Grinder
  3021 | D:4      | Gained mutation: You are frail. (-10% HP) [potion of mutation]
  3021 | D:4      | Gained mutation: Your system is resistant to poisons. (rPois) [potion of mutation]
  3206 | D:5      | Entered Level 5 of the Dungeon
  3207 | D:5      | Noticed Sigmund
  3280 | D:5      | Noticed an ogre
  3294 | D:5      | Killed an ogre
  3294 | D:5      | Reached skill level 1 in Armour
  3294 | D:5      | Reached XP level 6. HP: 40/43 MP: 6/6
  3832 | D:5      | Gained mutation: When hurt, damage is shared between your health and your magic reserves. [demonic ancestry]
  3832 | D:5      | Reached XP level 7. HP: 15/49 MP: 7/7
  4330 | D:5      | Reached skill level 5 in Fighting
  4330 | D:5      | Reached skill level 5 in Dodging
  4510 | D:5      | Reached skill level 5 in Long Blades
  4760 | D:5      | Reached XP level 8. HP: 55/55 MP: 8/8
  4779 | D:5      | Noticed Sigmund
  4779 | D:5      | Sigmund changed into Sigmund the steam dragon
  4804 | D:4      | Paralysed by Grinder for 6 turns
  4820 | D:4      | Killed Grinder
  5053 | D:4      | Noticed Edmund
  5074 | D:4      | HP: 1/56 [Edmund/flail of draining (8)]
  5074 | D:4      | Slain by Edmund

Skill      XL: |  1  2  3  4  5  6  7 |
---------------+----------------------+-----
Dodging        | 3 4 5 |  5.4
Long Blades    | 3 4 5 |  5.3
Fighting       | 3 4 5 |  5.5
Armour         | 1 2 3 |  3.6
Throwing       | |  1.7

Action                   |  1- 3 |  4- 6 |  7- 9 || total
-------------------------+-------+-------+-------++-------
Melee: Long sword        |    79 |   169 |   170 ||   418
       Kick              |    23 |    51 |    63 ||   137
Evoke: Wand              |       |       |     3 ||     3
  Use: Scroll            |     4 |     5 |       ||     9
       Potion            |     1 |     3 |       ||     4
 Stab: Sleeping          |     1 |       |       ||     1
  Eat: Chunk             |     1 |     6 |     1 ||     8
       Fruit             |     1 |     2 |     2 ||     5
       Meat ration       |       |       |     1 ||     1
Armor: Leather armour    |    17 |       |       ||    17
       Scale mail        |       |    71 |   107 ||   178
       Skin              |       |    10 |       ||    10
       Chain mail        |       |     4 |       ||     4
Dodge: Dodged            |    71 |   132 |   150 ||   353
       Rpst.: Long sword |    23 |    48 |    43 ||   114
